| Goals | Penalties |
1. Canucks , Matt Duchene 12 (Jonathan Huberdeau 12, Tomas Tatar 12) at 17:09
|
|
2. Ducks , Mark Stone 13 (Nick Schmaltz 9, Dmitry Orlov 2) at 2:48
|
Oliver Ekman-Larsson (VAN) for Delaying the game (Minor) at 14:44
|
No Goal
|
William Carrier (VAN) for Roughing (Minor) at 6:20 Oliver Ekman-Larsson (VAN) for Roughing (Minor) at 15:09
|
No Goal
|
|
Canucks, Matt Duchene - Stopped by Filip Gustavsson
Ducks, Patrick Kane - Shot Misses the Net
Canucks, Jonathan Huberdeau - Goal!
Ducks, Mark Stone - Stopped by Ukko-Pekka Luukkonen
Canucks, Stefan Noesen - Stopped by Filip Gustavsson
Ducks, Pierre-Luc Dubois - Goal!
Canucks, Casey Cizikas - Stopped by Filip Gustavsson
Ducks, Kaapo Kakko - Stopped by Ukko-Pekka Luukkonen
Canucks, Jonathan Drouin - Stopped by Filip Gustavsson
Ducks, Will Cuylle - Goal!
|
|
|
Ukko-Pekka Luukkonen (VAN), 40 saves from 41 shots - (0,976), OTL, 10-7-1, 65:00 minutes
Filip Gustavsson (ANA), 15 saves from 16 shots - (0,938), W, 8-6-3, 65:00 minutes
|
|
1 - Ukko-Pekka Luukkonen (VAN)
2 - Matt Duchene (VAN)
3 - Mark Stone (ANA)
|
Referees : Tatu Kunto and David Elford
Linesman : Bryan Pancich and Scott Cherrey
|
|
| No Game Note
|
|
Level 1 -- Attendance: 4703 (75%) -- Ticket Income $470,300
Level 2 -- Attendance: 2922 (54%) -- Ticket Income $233,760
Level 3 -- Attendance: 2117 (81%) -- Ticket Income $95,265
Level 4 -- Attendance: 1951 (52%) -- Ticket Income $58,530
Luxury Box -- Attendance: 440 (40%) -- Ticket Income $352,000
Game was played at the Arrowhead Pond.
Total Attendance: 12133 (63%)
Total Ticket Income: $1,209,855
Other Income: $362,956
Total Income: $1,572,811
|
| Team Name |
Goals |
Shots |
Shots Attemp |
Shots Blocked |
PIM |
HIT |
PP |
PK |
FO% |
| Canucks |
1 | 16 | 35 | 14 | 6 | 13 | 0 / 0 (0% | 0 | 42% |
| Ducks |
2 | 41 | 71 | 6 | 0 | 18 | 0 / 3 (0%) | 0 | 58% |
Canucks
| Player Name |
POS |
G |
A |
P |
+/- |
PIM |
HIT |
SHT |
SB |
MP |
PP MP |
PP SHT |
PK MP |
PK SHT |
FO% |
FOT |
GA |
TA |
| Carson Soucy | D | 0 | 0 | 0 | 0 | 0 | 0 | 0 | 0 | 20:28 | 0:00 | 0 | 2:50 | 0 | 0% |
0 | 1 | 1 |
| Casey Cizikas | C/LW | 0 | 0 | 0 | -1 | 0 | 0 | 0 | 0 | 19:32 | 0:00 | 0 | 1:40 | 0 | 36% |
14 | 0 | 1 |
| Drew O'Connor | LW/RW | 0 | 0 | 0 | -1 | 0 | 2 | 1 | 0 | 16:27 | 0:00 | 0 | 0:00 | 0 | 0% |
2 | 1 | 0 |
| Jacob Bryson | D | 0 | 0 | 0 | 0 | 0 | 0 | 0 | 1 | 5:41 | 0:00 | 0 | 0:23 | 0 | 0% |
0 | 0 | 0 |
| Jakob Chychrun | D | 0 | 0 | 0 | 0 | 0 | 0 | 4 | 1 | 28:55 | 0:00 | 0 | 3:07 | 0 | 0% |
0 | 0 | 2 |
| Johnathan Kovacevic | D | 0 | 0 | 0 | 0 | 0 | 2 | 2 | 3 | 20:41 | 0:00 | 0 | 2:50 | 0 | 0% |
0 | 0 | 1 |
| Jonathan Drouin | LW/RW | 0 | 0 | 0 | -1 | 0 | 0 | 0 | 0 | 19:13 | 0:00 | 0 | 0:30 | 0 | 0% |
0 | 2 | 2 |
| Jonathan Huberdeau | LW/RW | 0 | 1 | 1 | 1 | 0 | 2 | 2 | 2 | 19:21 | 0:00 | 0 | 3:22 | 0 | 0% |
0 | 0 | 0 |
| Jonny Brodzinski | C/LW/RW | 0 | 0 | 0 | 0 | 0 | 1 | 0 | 1 | 19:40 | 0:00 | 0 | 0:37 | 0 | 60% |
5 | 0 | 0 |
| Kirby Dach | C/RW | 0 | 0 | 0 | 0 | 0 | 0 | 0 | 0 | 7:11 | 0:00 | 0 | 0:13 | 0 | 0% |
1 | 0 | 0 |
| Lane Hutson | D | 0 | 0 | 0 | 0 | 0 | 0 | 1 | 0 | 14:29 | 0:00 | 0 | 0:00 | 0 | 0% |
0 | 1 | 1 |
| Matt Duchene | C/RW | 1 | 0 | 1 | 1 | 0 | 0 | 2 | 0 | 23:07 | 0:00 | 0 | 3:24 | 0 | 48% |
29 | 1 | 2 |
| Max Pacioretty | LW/RW | 0 | 0 | 0 | 0 | 0 | 2 | 2 | 0 | 16:42 | 0:00 | 0 | 0:28 | 0 | 0% |
1 | 1 | 1 |
| Oliver Ekman-Larsson | D | 0 | 0 | 0 | 0 | 4 | 2 | 0 | 2 | 20:42 | 0:00 | 0 | 0:46 | 0 | 0% |
0 | 0 | 1 |
| Stefan Noesen | RW | 0 | 0 | 0 | 1 | 0 | 1 | 1 | 1 | 17:44 | 0:00 | 0 | 1:40 | 1 | 33% |
3 | 1 | 1 |
| Tomas Tatar | LW/RW | 0 | 1 | 1 | 0 | 0 | 0 | 1 | 0 | 18:14 | 0:00 | 0 | 0:00 | 0 | 0% |
0 | 1 | 2 |
| Vincent Desharnais | D | 0 | 0 | 0 | 0 | 0 | 0 | 0 | 2 | 14:04 | 0:00 | 0 | 1:58 | 0 | 0% |
0 | 0 | 1 |
| William Carrier | LW | 0 | 0 | 0 | 0 | 2 | 1 | 0 | 1 | 6:49 | 0:00 | 0 | 0:00 | 0 | 0% |
0 | 0 | 0 |
Ducks
| Player Name |
POS |
G |
A |
P |
+/- |
PIM |
HIT |
SHT |
SB |
MP |
PP MP |
PP SHT |
PK MP |
PK SHT |
FO% |
FOT |
GA |
TA |
| Alex Vlasic | D | 0 | 0 | 0 | 0 | 0 | 2 | 4 | 0 | 21:18 | 0:00 | 0 | 0:00 | 0 | 0% |
0 | 1 | 2 |
| Alexander Kerfoot | C/RW | 0 | 0 | 0 | 0 | 0 | 1 | 2 | 0 | 11:24 | 0:00 | 0 | 0:00 | 0 | 67% |
6 | 1 | 0 |
| Alexey Toropchenko | LW/RW | 0 | 0 | 0 | 0 | 0 | 2 | 2 | 0 | 10:50 | 0:00 | 0 | 0:00 | 0 | 0% |
0 | 0 | 1 |
| Darnell Nurse | D | 0 | 0 | 0 | -1 | 0 | 1 | 2 | 2 | 25:29 | 2:41 | 0 | 0:00 | 0 | 0% |
0 | 1 | 1 |
| Dmitry Orlov | D | 0 | 1 | 1 | 1 | 0 | 0 | 0 | 1 | 13:26 | 0:00 | 0 | 0:00 | 0 | 0% |
0 | 0 | 0 |
| Eeli Tolvanen | LW/RW | 0 | 0 | 0 | 0 | 0 | 2 | 2 | 0 | 16:43 | 2:42 | 0 | 0:00 | 0 | 0% |
0 | 0 | 1 |
| Fabian Zetterlund | LW/RW | 0 | 0 | 0 | 0 | 0 | 2 | 2 | 0 | 18:34 | 3:15 | 0 | 0:00 | 0 | 100% |
1 | 0 | 0 |
| J.J. Moser | D | 0 | 0 | 0 | 1 | 0 | 1 | 2 | 1 | 15:41 | 2:41 | 0 | 0:00 | 0 | 0% |
0 | 0 | 1 |
| Joel Farabee | LW | 0 | 0 | 0 | 0 | 0 | 1 | 1 | 0 | 12:47 | 0:00 | 0 | 0:00 | 0 | 0% |
0 | 1 | 0 |
| Kaapo Kakko | RW | 0 | 0 | 0 | 0 | 0 | 0 | 3 | 0 | 9:56 | 0:00 | 0 | 0:00 | 0 | 0% |
0 | 0 | 0 |
| Lars Eller | C/LW/RW | 0 | 0 | 0 | 0 | 0 | 2 | 0 | 0 | 13:26 | 0:00 | 0 | 0:00 | 0 | 50% |
4 | 1 | 0 |
| Mark Stone | RW | 1 | 0 | 1 | 0 | 0 | 0 | 6 | 0 | 21:28 | 3:15 | 0 | 0:00 | 0 | 100% |
1 | 4 | 0 |
| Mattias Samuelsson | D | 0 | 0 | 0 | 0 | 0 | 1 | 0 | 1 | 24:24 | 3:16 | 0 | 0:00 | 0 | 0% |
0 | 0 | 0 |
| Morgan Rielly | D | 0 | 0 | 0 | -1 | 0 | 0 | 0 | 0 | 24:42 | 3:16 | 0 | 0:00 | 0 | 0% |
0 | 1 | 1 |
| Nick Schmaltz | C/LW/RW | 0 | 1 | 1 | 0 | 0 | 1 | 5 | 0 | 23:01 | 2:42 | 0 | 0:00 | 0 | 53% |
30 | 2 | 0 |
| Patrick Kane | LW/RW | 0 | 0 | 0 | 0 | 0 | 1 | 7 | 0 | 21:06 | 2:42 | 0 | 0:00 | 0 | 0% |
0 | 2 | 0 |
| Pierre-Luc Dubois | C/LW/RW | 0 | 0 | 0 | 0 | 0 | 1 | 2 | 0 | 18:36 | 3:15 | 0 | 0:00 | 0 | 58% |
12 | 2 | 2 |
| Will Cuylle | LW/RW | 0 | 0 | 0 | 0 | 0 | 0 | 1 | 1 | 12:09 | 0:00 | 0 | 0:00 | 0 | 100% |
1 | 0 | 0 |
Canucks
| 5 vs 5 Forward |
|---|
| Line # | Left Wing | Center | Right Wing | PHY | DF | OF | Wanted % | Time % | Time Play |
| 1 | Jonathan Huberdeau | Matt Duchene | Stefan Noesen | 1 | 2 | 2 | 40 | 31% | 16:39
|
| 2 | Jonathan Drouin | Casey Cizikas | Drew O'Connor | 1 | 2 | 2 | 30 | 31% | 16:42
|
| 3 | Tomas Tatar | Jonny Brodzinski | Max Pacioretty | 1 | 2 | 2 | 20 | 28% | 15:20
|
| 4 | William Carrier | Kirby Dach | Matt Duchene | 1 | 2 | 2 | 10 | 10% | 5:22
|
| 5 vs 5 Defense |
|---|
| Line # | Defense | Defense | | PHY | DF | OF | Wanted % | Time % | Time Play |
| 1 | Jakob Chychrun | Oliver Ekman-Larsson | | 1 | 2 | 2 | 40 | 37% | 19:57
|
| 2 | Carson Soucy | Johnathan Kovacevic | | 1 | 2 | 2 | 30 | 33% | 17:38
|
| 3 | Lane Hutson | Vincent Desharnais | | 1 | 2 | 2 | 20 | 22% | 11:43
|
| 4 | Jacob Bryson | Jakob Chychrun | | 1 | 2 | 2 | 10 | 9% | 4:45
|
| Power Play Forward |
|---|
| Line # | Left Wing | Center | Right Wing | PHY | DF | OF | Wanted % | Time % | Time Play |
| 1 | Jonathan Huberdeau | Matt Duchene | Stefan Noesen | 1 | 2 | 2 | 60 | 0% | 0:00
|
| 2 | Jonathan Drouin | Casey Cizikas | Drew O'Connor | 1 | 2 | 2 | 40 | 0% | 0:00
|
| Power Play Defense |
|---|
| Line # | Defense | Defense | | PHY | DF | OF | Wanted % | Time % | Time Play |
| 1 | Jakob Chychrun | Oliver Ekman-Larsson | | 1 | 2 | 2 | 60 | 0% | 0:00
|
| 2 | Carson Soucy | Johnathan Kovacevic | | 1 | 2 | 2 | 40 | 0% | 0:00
|
| Penalty Kill 4 Players Forward |
|---|
| Line # | Center | Wing | PHY | DF | OF | Wanted % | Time % | Time Play |
| 1 | Matt Duchene | Jonathan Huberdeau | 1 | 2 | 2 | 60 | 72% | 4:17
|
| 2 | Stefan Noesen | Casey Cizikas | 1 | 2 | 2 | 40 | 28% | 1:40
|
| Penalty Kill 4 Players Defense |
|---|
| Line # | Defense | Defense | PHY | DF | OF | Wanted % | Time % | Time Play |
| 1 | Jakob Chychrun | Oliver Ekman-Larsson | 1 | 2 | 2 | 60 | 52% | 3:07
|
| 2 | Carson Soucy | Johnathan Kovacevic | 1 | 2 | 2 | 40 | 48% | 2:50
|
| Penalty Kill 3 Players |
|---|
| Line # | Wing | PHY | DF | OF | Wanted % | Time % | Time Play | Defense | Defense | PHY | DF | OF | Wanted % | Time % | Time Play |
| 1 | Matt Duchene | 1 | 2 | 2 | 60 | 0% | 0:00
| Jakob Chychrun | Oliver Ekman-Larsson | 1 | 2 | 2 | 60 | 0% | 0:00
|
| 2 | Jonathan Huberdeau | 1 | 2 | 2 | 40 | 0% | 0:00
| Carson Soucy | Johnathan Kovacevic | 1 | 2 | 2 | 40 | 0% | 0:00
|
| 4 vs 4 Forward |
|---|
| Line # | Center | Wing | PHY | DF | OF | Wanted % | Time % | Time Play |
| 1 | Matt Duchene | Jonathan Huberdeau | 1 | 2 | 2 | 60 | 0% | 0:00
|
| 2 | Stefan Noesen | Casey Cizikas | 1 | 2 | 2 | 40 | 0% | 0:00
|
| 4 vs 4 Defense |
|---|
| Line # | Defense | | PHY | DF | OF | Wanted % | Time % | Time Play |
| 1 | Jakob Chychrun | Oliver Ekman-Larsson | 1 | 2 | 2 | 60 | 0% | 0:00
|
| 2 | Carson Soucy | Johnathan Kovacevic | 1 | 2 | 2 | 40 | 0% | 0:00
|
| Last Minutes Offensive |
|---|
| Left Wing | Center | Right Wing | Defense | Defense |
| Jonathan Huberdeau | Matt Duchene | Stefan Noesen | Jakob Chychrun | Oliver Ekman-Larsson |
| Last Minutes Defensive |
|---|
| Left Wing | Center | Right Wing | Defense | Defense |
| Jonathan Huberdeau | Matt Duchene | Stefan Noesen | Jakob Chychrun | Oliver Ekman-Larsson |
| Time |
|---|
| Total Forward | Total Defense | Last Minutes Offensive | Last Minutes Defensive |
| 60:00 |
60:00 |
0:00 | 0:00 |
| Extra Forwards |
|---|
| Normal | PowerPlay | Penalty Kill |
|
Tomas Tatar, Jonny Brodzinski, Max Pacioretty | Tomas Tatar, Jonny Brodzinski | Max Pacioretty |
| Extra Defensemen |
|---|
| Normal | PowerPlay | Penalty Kill |
|
Lane Hutson, Vincent Desharnais, Jacob Bryson | Lane Hutson, Vincent Desharnais | Jacob Bryson |
| Penalty Shots |
|---|
|
Matt Duchene, Jonathan Huberdeau, Stefan Noesen, Casey Cizikas, Jonathan Drouin |
| Goalie |
|---|
| Ukko-Pekka Luukkonen, Calvin Pickard |
Ducks
| 5 vs 5 Forward |
|---|
| Line # | Left Wing | Center | Right Wing | PHY | DF | OF | Wanted % | Time % | Time Play |
| 1 | Patrick Kane | Nick Schmaltz | Mark Stone | 0 | 1 | 4 | 40 | 35% | 18:39
|
| 2 | Fabian Zetterlund | Pierre-Luc Dubois | Eeli Tolvanen | 0 | 2 | 3 | 31 | 25% | 13:46
|
| 3 | Will Cuylle | Lars Eller | Joel Farabee | 0 | 3 | 2 | 24 | 22% | 12:09
|
| 4 | Alexey Toropchenko | Alexander Kerfoot | Kaapo Kakko | 0 | 1 | 4 | 5 | 18% | 9:29
|
| 5 vs 5 Defense |
|---|
| Line # | Defense | Defense | | PHY | DF | OF | Wanted % | Time % | Time Play |
| 1 | Morgan Rielly | Darnell Nurse | | 0 | 4 | 1 | 40 | 35% | 18:57
|
| 2 | Mattias Samuelsson | Alex Vlasic | | 0 | 4 | 1 | 40 | 42% | 22:53
|
| 3 | J.J. Moser | Dmitry Orlov | | 0 | 5 | 0 | 20 | 22% | 11:42
|
| 4 | Morgan Rielly | Mattias Samuelsson | | 1 | 2 | 2 | 0 | 1% | 0:31
|
| Power Play Forward |
|---|
| Line # | Left Wing | Center | Right Wing | PHY | DF | OF | Wanted % | Time % | Time Play |
| 1 | Fabian Zetterlund | Pierre-Luc Dubois | Mark Stone | 0 | 0 | 5 | 52 | 55% | 3:15
|
| 2 | Eeli Tolvanen | Nick Schmaltz | Patrick Kane | 0 | 0 | 5 | 48 | 45% | 2:42
|
| Power Play Defense |
|---|
| Line # | Defense | Defense | | PHY | DF | OF | Wanted % | Time % | Time Play |
| 1 | Morgan Rielly | Mattias Samuelsson | | 0 | 1 | 4 | 53 | 55% | 3:16
|
| 2 | Darnell Nurse | J.J. Moser | | 0 | 1 | 4 | 47 | 45% | 2:41
|
| Penalty Kill 4 Players Forward |
|---|
| Line # | Center | Wing | PHY | DF | OF | Wanted % | Time % | Time Play |
| 1 | Pierre-Luc Dubois | Alexey Toropchenko | 0 | 5 | 0 | 52 | 0% | 0:00
|
| 2 | Lars Eller | Alexander Kerfoot | 0 | 5 | 0 | 48 | 0% | 0:00
|
| Penalty Kill 4 Players Defense |
|---|
| Line # | Defense | Defense | PHY | DF | OF | Wanted % | Time % | Time Play |
| 1 | Morgan Rielly | Darnell Nurse | 0 | 5 | 0 | 52 | 0% | 0:00
|
| 2 | Mattias Samuelsson | Dmitry Orlov | 0 | 5 | 0 | 48 | 0% | 0:00
|
| Penalty Kill 3 Players |
|---|
| Line # | Wing | PHY | DF | OF | Wanted % | Time % | Time Play | Defense | Defense | PHY | DF | OF | Wanted % | Time % | Time Play |
| 1 | Lars Eller | 1 | 4 | 0 | 60 | 0% | 0:00
| Morgan Rielly | Dmitry Orlov | 1 | 4 | 0 | 60 | 0% | 0:00
|
| 2 | Alexander Kerfoot | 1 | 4 | 0 | 40 | 0% | 0:00
| Mattias Samuelsson | Darnell Nurse | 1 | 4 | 0 | 40 | 0% | 0:00
|
| 4 vs 4 Forward |
|---|
| Line # | Center | Wing | PHY | DF | OF | Wanted % | Time % | Time Play |
| 1 | Pierre-Luc Dubois | Mark Stone | 0 | 2 | 3 | 50 | 0% | 0:00
|
| 2 | Nick Schmaltz | Patrick Kane | 1 | 1 | 3 | 50 | 0% | 0:00
|
| 4 vs 4 Defense |
|---|
| Line # | Defense | | PHY | DF | OF | Wanted % | Time % | Time Play |
| 1 | Morgan Rielly | Darnell Nurse | 0 | 5 | 0 | 55 | 0% | 0:00
|
| 2 | Mattias Samuelsson | J.J. Moser | 0 | 5 | 0 | 45 | 0% | 0:00
|
| Last Minutes Offensive |
|---|
| Left Wing | Center | Right Wing | Defense | Defense |
| Patrick Kane | Nick Schmaltz | Mark Stone | Morgan Rielly | Darnell Nurse |
| Last Minutes Defensive |
|---|
| Left Wing | Center | Right Wing | Defense | Defense |
| Lars Eller | Pierre-Luc Dubois | Mark Stone | Darnell Nurse | Morgan Rielly |
| Time |
|---|
| Total Forward | Total Defense | Last Minutes Offensive | Last Minutes Defensive |
| 60:00 |
60:00 |
0:00 | 0:00 |
| Extra Forwards |
|---|
| Normal | PowerPlay | Penalty Kill |
|
Eeli Tolvanen, Kaapo Kakko, Joel Farabee | Eeli Tolvanen, Patrick Kane | Eeli Tolvanen |
| Extra Defensemen |
|---|
| Normal | PowerPlay | Penalty Kill |
|
Morgan Rielly, Mattias Samuelsson, Dmitry Orlov | Mattias Samuelsson, Mattias Samuelsson | Morgan Rielly |
| Penalty Shots |
|---|
|
Patrick Kane, Mark Stone, Pierre-Luc Dubois, Kaapo Kakko, Will Cuylle |
| Goalie |
|---|
| Filip Gustavsson, Pyotr Kochetkov |
| Scratches |
|---|
|
Sam Malinski (Healthy), Peyton Krebs (Healthy) |
Play-by-Play
1st period
0:01 of 1st period - Nick Schmaltz wins face-off versus Matt Duchene in neutral zone.
0:03 of 1st period - Off-side.
0:04 of 1st period - Nick Schmaltz wins face-off versus Matt Duchene in neutral zone.
0:14 of 1st period - Snap shot by Nick Schmaltz.
0:14 of 1st period - Stopped by Ukko-Pekka Luukkonen with a rebound.
1:20 of 1st period - Wrist shot by Alexander Kerfoot.
1:20 of 1st period - Shot Blocked by William Carrier.
1:22 of 1st period - Snap shot by Alexey Toropchenko.
1:22 of 1st period - Stopped by Ukko-Pekka Luukkonen without a rebound.
1:23 of 1st period - Casey Cizikas wins face-off versus Nick Schmaltz in Canucks zone.
2:05 of 1st period - Off-side.
2:06 of 1st period - Pierre-Luc Dubois wins face-off versus Matt Duchene in neutral zone.
2:57 of 1st period - Icing by Johnathan Kovacevic.
2:58 of 1st period - Alexander Kerfoot wins face-off versus Jonny Brodzinski in Canucks zone.
3:23 of 1st period - Wrist shot by Max Pacioretty.
3:23 of 1st period - Shot Misses the Net.
3:25 of 1st period - Wrist shot by Johnathan Kovacevic.
3:25 of 1st period - Stopped by Filip Gustavsson with a rebound.
4:41 of 1st period - Snap shot by Tomas Tatar.
4:41 of 1st period - Stopped by Filip Gustavsson with a rebound.
4:43 of 1st period - Slapshot by Johnathan Kovacevic.
4:43 of 1st period - Stopped by Filip Gustavsson without a rebound.
4:44 of 1st period - Matt Duchene wins face-off versus Nick Schmaltz in Ducks zone.
4:45 of 1st period - Snap shot by Jonathan Huberdeau.
4:45 of 1st period - Shot Misses the Net.
4:53 of 1st period - Slapshot by Patrick Kane.
4:53 of 1st period - Stopped by Ukko-Pekka Luukkonen with a rebound.
5:33 of 1st period - Slapshot by Jakob Chychrun.
5:33 of 1st period - Stopped by Filip Gustavsson with a rebound.
5:39 of 1st period - Alex Vlasic is hit by Oliver Ekman-Larsson and loses puck.
6:28 of 1st period - Snap shot by Alexander Kerfoot.
6:28 of 1st period - Deflect By Kaapo Kakko.
6:28 of 1st period - Stopped by Ukko-Pekka Luukkonen with a rebound.
6:46 of 1st period - Drew O'Connor is hit by Patrick Kane and loses puck.
7:09 of 1st period - Darnell Nurse is hit by William Carrier and loses puck.
8:04 of 1st period - Stefan Noesen is hit by J.J. Moser and loses puck.
8:47 of 1st period - Snap shot by Alexander Kerfoot.
8:47 of 1st period - Shot Blocked by Vincent Desharnais.
9:15 of 1st period - Backhand shot by Pierre-Luc Dubois.
9:15 of 1st period - Stopped by Ukko-Pekka Luukkonen without a rebound.
9:16 of 1st period - Nick Schmaltz wins face-off versus Casey Cizikas in Canucks zone.
9:57 of 1st period - Slapshot by Casey Cizikas.
9:57 of 1st period - Shot Blocked by Darnell Nurse.
10:50 of 1st period - Slapshot by Nick Schmaltz.
10:50 of 1st period - Stopped by Ukko-Pekka Luukkonen without a rebound.
10:51 of 1st period - Nick Schmaltz wins face-off versus Casey Cizikas in Canucks zone.
11:04 of 1st period - Wrist shot by Mark Stone.
11:04 of 1st period - Stopped by Ukko-Pekka Luukkonen with a rebound.
11:58 of 1st period - Jakob Chychrun is hit by Alex Vlasic.
12:12 of 1st period - Snap shot by Kaapo Kakko.
12:12 of 1st period - Stopped by Ukko-Pekka Luukkonen without a rebound.
12:13 of 1st period - Jonny Brodzinski wins face-off versus Alexander Kerfoot in Canucks zone.
12:18 of 1st period - Snap shot by Alexander Kerfoot.
12:18 of 1st period - Stopped by Ukko-Pekka Luukkonen with a rebound.
12:24 of 1st period - Kaapo Kakko is hit by Max Pacioretty and loses puck.
12:29 of 1st period - Slapshot by Lane Hutson.
12:29 of 1st period - Stopped by Filip Gustavsson without a rebound.
12:30 of 1st period - Nick Schmaltz wins face-off versus Matt Duchene in Ducks zone.
12:46 of 1st period - Snap shot by Mark Stone.
12:46 of 1st period - Shot Blocked by Jonathan Huberdeau.
12:58 of 1st period - Jakob Chychrun is hit by Mattias Samuelsson and loses puck.
13:21 of 1st period - Wrist shot by Jakob Chychrun.
13:21 of 1st period - Stopped by Filip Gustavsson without a rebound.
13:22 of 1st period - Jonny Brodzinski wins face-off versus Lars Eller in Ducks zone.
13:29 of 1st period - Wrist shot by Tomas Tatar.
13:29 of 1st period - Shot Blocked by Will Cuylle.
13:37 of 1st period - Slapshot by Tomas Tatar.
13:37 of 1st period - Deflect By Max Pacioretty.
13:37 of 1st period - Stopped by Filip Gustavsson without a rebound.
13:38 of 1st period - Stefan Noesen wins face-off versus Nick Schmaltz in Ducks zone.
13:41 of 1st period - Wrist shot by Matt Duchene.
13:41 of 1st period - Deflect By Mark Stone.
13:41 of 1st period - Stopped by Filip Gustavsson with a rebound.
14:47 of 1st period - Jonny Brodzinski is hit by Darnell Nurse and loses puck.
16:28 of 1st period - Drew O'Connor is hit by Alexander Kerfoot.
17:09 of 1st period - Backhand shot by Matt Duchene.
17:09 of 1st period - Goal by Matt Duchene - Canucks : 1 - Ducks : 0.
17:10 of 1st period - Nick Schmaltz wins face-off versus Matt Duchene in neutral zone.
17:21 of 1st period - Wrist shot by Matt Duchene.
17:21 of 1st period - Shot Misses the Net.
17:42 of 1st period - Slapshot by Pierre-Luc Dubois.
17:42 of 1st period - Shot Misses the Net.
17:44 of 1st period - Slapshot by Darnell Nurse.
17:44 of 1st period - Deflect By Oliver Ekman-Larsson.
17:44 of 1st period - Stopped by Ukko-Pekka Luukkonen without a rebound.
17:45 of 1st period - Nick Schmaltz wins face-off versus Matt Duchene in Canucks zone.
17:46 of 1st period - Wrist shot by Mark Stone.
17:46 of 1st period - Stopped by Ukko-Pekka Luukkonen with a rebound.
18:00 of 1st period - Snap shot by Nick Schmaltz.
18:00 of 1st period - Shot Blocked by Stefan Noesen.
18:42 of 1st period - Wrist shot by Tomas Tatar.
18:42 of 1st period - Shot Blocked by Mattias Samuelsson.
19:00 of 1st period - Wrist shot by Patrick Kane.
19:00 of 1st period - Stopped by Ukko-Pekka Luukkonen with a rebound.
19:10 of 1st period - Off-side.
19:11 of 1st period - Lars Eller wins face-off versus Matt Duchene in neutral zone.
Goals for this period are 1 for Canucks vs 0 for Ducks.
Shots for this period are 9 for Canucks vs 12 for Ducks.
2nd period
0:01 of 2nd period - Matt Duchene wins face-off versus Nick Schmaltz in neutral zone.
0:10 of 2nd period - Wrist shot by Jonathan Huberdeau.
0:10 of 2nd period - Stopped by Filip Gustavsson with a rebound.
0:12 of 2nd period - Snap shot by Jonathan Huberdeau.
0:12 of 2nd period - Shot Misses the Net.
0:26 of 2nd period - Eeli Tolvanen is hit by Drew O'Connor and loses puck.
0:53 of 2nd period - Mattias Samuelsson is hit by Johnathan Kovacevic and loses puck.
1:47 of 2nd period - William Carrier is hit by Eeli Tolvanen and loses puck.
2:04 of 2nd period - Snap shot by Joel Farabee.
2:04 of 2nd period - Shot Misses the Net.
2:06 of 2nd period - Slapshot by Darnell Nurse.
2:06 of 2nd period - Stopped by Ukko-Pekka Luukkonen with a rebound.
2:08 of 2nd period - Backhand shot by Darnell Nurse.
2:08 of 2nd period - Shot Blocked by Johnathan Kovacevic.
2:28 of 2nd period - Wrist shot by Patrick Kane.
2:28 of 2nd period - Stopped by Ukko-Pekka Luukkonen without a rebound.
2:29 of 2nd period - Nick Schmaltz wins face-off versus Casey Cizikas in Canucks zone.
2:40 of 2nd period - Wrist shot by Nick Schmaltz.
2:40 of 2nd period - Shot Misses the Net.
2:46 of 2nd period - Wrist shot by Nick Schmaltz.
2:46 of 2nd period - Shot Misses the Net.
2:48 of 2nd period - Backhand shot by Mark Stone.
2:48 of 2nd period - Goal by Mark Stone - Canucks : 1 - Ducks : 1.
2:49 of 2nd period - Matt Duchene wins face-off versus Nick Schmaltz in neutral zone.
2:51 of 2nd period - Off-side.
2:52 of 2nd period - Matt Duchene wins face-off versus Nick Schmaltz in neutral zone.
2:57 of 2nd period - Slapshot by Jakob Chychrun.
2:57 of 2nd period - Shot Misses the Net.
2:59 of 2nd period - Snap shot by Matt Duchene.
2:59 of 2nd period - Shot Misses the Net.
3:01 of 2nd period - Snap shot by Jonathan Huberdeau.
3:01 of 2nd period - Stopped by Filip Gustavsson with a rebound.
3:03 of 2nd period - Slapshot by Jakob Chychrun.
3:03 of 2nd period - Stopped by Filip Gustavsson with a rebound.
3:05 of 2nd period - Backhand shot by Stefan Noesen.
3:05 of 2nd period - Deflect By Matt Duchene.
3:05 of 2nd period - Shot Misses the Net.
3:05 of 2nd period - Puck is out of play.
3:06 of 2nd period - Matt Duchene wins face-off versus Nick Schmaltz in Ducks zone.
3:32 of 2nd period - Casey Cizikas is hit by Pierre-Luc Dubois.
4:16 of 2nd period - Off-side.
4:17 of 2nd period - Alexander Kerfoot wins face-off versus Matt Duchene in neutral zone.
4:49 of 2nd period - Wrist shot by Fabian Zetterlund.
4:49 of 2nd period - Stopped by Ukko-Pekka Luukkonen without a rebound.
4:50 of 2nd period - Casey Cizikas wins face-off versus Pierre-Luc Dubois in Canucks zone.
4:55 of 2nd period - Wrist shot by Pierre-Luc Dubois.
4:55 of 2nd period - Shot Misses the Net.
4:57 of 2nd period - Wrist shot by Pierre-Luc Dubois.
4:57 of 2nd period - Shot Blocked by Johnathan Kovacevic.
4:59 of 2nd period - Slapshot by Pierre-Luc Dubois.
4:59 of 2nd period - Shot Misses the Net.
5:01 of 2nd period - Snap shot by Eeli Tolvanen.
5:01 of 2nd period - Stopped by Ukko-Pekka Luukkonen with a rebound.
5:03 of 2nd period - Snap shot by J.J. Moser.
5:03 of 2nd period - Stopped by Ukko-Pekka Luukkonen with a rebound.
5:10 of 2nd period - Icing by Johnathan Kovacevic.
5:11 of 2nd period - Nick Schmaltz wins face-off versus Casey Cizikas in Canucks zone.
5:16 of 2nd period - Snap shot by Mark Stone.
5:16 of 2nd period - Deflect By Patrick Kane.
5:16 of 2nd period - Stopped by Ukko-Pekka Luukkonen with a rebound.
5:18 of 2nd period - Slapshot by Alex Vlasic.
5:18 of 2nd period - Shot Misses the Net.
5:20 of 2nd period - Slapshot by Alex Vlasic.
5:20 of 2nd period - Stopped by Ukko-Pekka Luukkonen without a rebound.
5:21 of 2nd period - Nick Schmaltz wins face-off versus Matt Duchene in Canucks zone.
5:42 of 2nd period - Wrist shot by Alex Vlasic.
5:42 of 2nd period - Stopped by Ukko-Pekka Luukkonen without a rebound.
5:43 of 2nd period - Pierre-Luc Dubois wins face-off versus Drew O'Connor in Canucks zone.
6:20 of 2nd period - Snap shot by Patrick Kane.
6:20 of 2nd period - Shot Blocked by Jacob Bryson.
6:59 of 2nd period - Snap shot by Jonathan Drouin.
6:59 of 2nd period - Shot Misses the Net.
8:15 of 2nd period - J.J. Moser is hit by Jonathan Huberdeau and loses puck.
8:45 of 2nd period - Slapshot by Drew O'Connor.
8:45 of 2nd period - Stopped by Filip Gustavsson with a rebound.
9:15 of 2nd period - Slapshot by Pierre-Luc Dubois.
9:15 of 2nd period - Stopped by Ukko-Pekka Luukkonen without a rebound.
9:16 of 2nd period - Matt Duchene wins face-off versus Pierre-Luc Dubois in Canucks zone.
9:20 of 2nd period - Icing by Stefan Noesen.
9:21 of 2nd period - Matt Duchene wins face-off versus Nick Schmaltz in Canucks zone.
9:51 of 2nd period - Slapshot by Patrick Kane.
9:51 of 2nd period - Stopped by Ukko-Pekka Luukkonen with a rebound.
9:53 of 2nd period - Snap shot by Mark Stone.
9:53 of 2nd period - Stopped by Ukko-Pekka Luukkonen with a rebound.
10:21 of 2nd period - Wrist shot by Patrick Kane.
10:21 of 2nd period - Stopped by Ukko-Pekka Luukkonen without a rebound.
10:22 of 2nd period - Casey Cizikas wins face-off versus Pierre-Luc Dubois in Canucks zone.
11:28 of 2nd period - Snap shot by Jonny Brodzinski.
11:28 of 2nd period - Shot Blocked by Dmitry Orlov.
11:36 of 2nd period - J.J. Moser is hit by Max Pacioretty and loses puck.
11:55 of 2nd period - Snap shot by Lane Hutson.
11:55 of 2nd period - Shot Blocked by Darnell Nurse.
12:05 of 2nd period - Wrist shot by Drew O'Connor.
12:05 of 2nd period - Shot Misses the Net.
12:43 of 2nd period - Icing by Alex Vlasic.
12:44 of 2nd period - Alexander Kerfoot wins face-off versus Drew O'Connor in Ducks zone.
13:07 of 2nd period - Snap shot by Alexey Toropchenko.
13:07 of 2nd period - Stopped by Ukko-Pekka Luukkonen without a rebound.
13:08 of 2nd period - Matt Duchene wins face-off versus Nick Schmaltz in Canucks zone.
13:13 of 2nd period - Patrick Kane is hit by Stefan Noesen and loses puck.
13:55 of 2nd period - Wrist shot by Fabian Zetterlund.
13:55 of 2nd period - Shot Misses the Net.
13:57 of 2nd period - Snap shot by Lars Eller.
13:57 of 2nd period - Shot Misses the Net.
13:59 of 2nd period - Snap shot by Joel Farabee.
13:59 of 2nd period - Shot Misses the Net.
14:03 of 2nd period - Wrist shot by Will Cuylle.
14:03 of 2nd period - Stopped by Ukko-Pekka Luukkonen with a rebound.
14:05 of 2nd period - Snap shot by Lars Eller.
14:05 of 2nd period - Shot Misses the Net.
14:07 of 2nd period - Wrist shot by Joel Farabee.
14:07 of 2nd period - Stopped by Ukko-Pekka Luukkonen with a rebound.
14:27 of 2nd period - Snap shot by Kaapo Kakko.
14:27 of 2nd period - Deflect By Alexey Toropchenko.
14:27 of 2nd period - Shot Misses the Net.
14:27 of 2nd period - Puck is out of play.
14:28 of 2nd period - Casey Cizikas wins face-off versus Nick Schmaltz in Canucks zone.
14:44 of 2nd period - Minor Penalty to Oliver Ekman-Larsson for Delaying the game.
14:45 of 2nd period - Matt Duchene wins face-off versus Pierre-Luc Dubois in Canucks zone.
15:43 of 2nd period - Wrist shot by Stefan Noesen.
15:43 of 2nd period - Stopped by Filip Gustavsson without a rebound.
15:44 of 2nd period - Nick Schmaltz wins face-off versus Matt Duchene in Ducks zone.
16:44 of 2nd period - Penalty to Oliver Ekman-Larsson is over, Oliver Ekman-Larsson is back on ice.
17:15 of 2nd period - Slapshot by Tomas Tatar.
17:15 of 2nd period - Shot Misses the Net.
17:41 of 2nd period - Slapshot by Lars Eller.
17:41 of 2nd period - Deflect By Will Cuylle.
17:41 of 2nd period - Shot Blocked by Jonny Brodzinski.
17:41 of 2nd period - Puck is out of play.
17:42 of 2nd period - Casey Cizikas wins face-off versus Nick Schmaltz in Canucks zone.
17:46 of 2nd period - Off-side.
17:47 of 2nd period - Nick Schmaltz wins face-off versus Casey Cizikas in neutral zone.
17:56 of 2nd period - Snap shot by Nick Schmaltz.
17:56 of 2nd period - Deflect By Patrick Kane.
17:56 of 2nd period - Shot Blocked by Oliver Ekman-Larsson.
17:56 of 2nd period - Puck is out of play.
17:57 of 2nd period - Nick Schmaltz wins face-off versus Matt Duchene in Canucks zone.
17:58 of 2nd period - Slapshot by Mark Stone.
17:58 of 2nd period - Shot Blocked by Oliver Ekman-Larsson.
18:00 of 2nd period - Snap shot by Nick Schmaltz.
18:00 of 2nd period - Stopped by Ukko-Pekka Luukkonen without a rebound.
18:01 of 2nd period - Nick Schmaltz wins face-off versus Matt Duchene in Canucks zone.
18:40 of 2nd period - Drew O'Connor is hit by Eeli Tolvanen and loses puck.
19:44 of 2nd period - Backhand shot by Mark Stone.
19:44 of 2nd period - Stopped by Ukko-Pekka Luukkonen without a rebound.
19:45 of 2nd period - Fabian Zetterlund wins face-off versus Stefan Noesen in Canucks zone.
Goals for this period are 0 for Canucks vs 1 for Ducks.
Shots for this period are 5 for Canucks vs 18 for Ducks.
3rd period
0:01 of 3rd period - Nick Schmaltz wins face-off versus Matt Duchene in neutral zone.
0:35 of 3rd period - Snap shot by Eeli Tolvanen.
0:35 of 3rd period - Shot Misses the Net.
0:37 of 3rd period - Snap shot by Fabian Zetterlund.
0:37 of 3rd period - Stopped by Ukko-Pekka Luukkonen without a rebound.
0:38 of 3rd period - Matt Duchene wins face-off versus Lars Eller in Canucks zone.
1:05 of 3rd period - Jonathan Drouin is hit by Alex Vlasic and loses puck.
1:38 of 3rd period - Snap shot by Kaapo Kakko.
1:38 of 3rd period - Stopped by Ukko-Pekka Luukkonen with a rebound.
2:00 of 3rd period - Stefan Noesen is hit by Fabian Zetterlund and loses puck.
2:48 of 3rd period - Off-side.
2:49 of 3rd period - Alexander Kerfoot wins face-off versus Max Pacioretty in neutral zone.
3:06 of 3rd period - Wrist shot by Max Pacioretty.
3:06 of 3rd period - Shot Misses the Net.
3:37 of 3rd period - Tomas Tatar is hit by Alexey Toropchenko and loses puck.
3:56 of 3rd period - Snap shot by Kaapo Kakko.
3:56 of 3rd period - Shot Misses the Net.
4:06 of 3rd period - Wrist shot by Tomas Tatar.
4:06 of 3rd period - Shot Misses the Net.
4:32 of 3rd period - Wrist shot by Alexander Kerfoot.
4:32 of 3rd period - Shot Misses the Net.
4:40 of 3rd period - Snap shot by Jakob Chychrun.
4:40 of 3rd period - Shot Blocked by J.J. Moser.
4:46 of 3rd period - Wrist shot by Max Pacioretty.
4:46 of 3rd period - Stopped by Filip Gustavsson with a rebound.
5:10 of 3rd period - Wrist shot by Alexander Kerfoot.
5:10 of 3rd period - Stopped by Ukko-Pekka Luukkonen with a rebound.
5:12 of 3rd period - Slapshot by J.J. Moser.
5:12 of 3rd period - Stopped by Ukko-Pekka Luukkonen without a rebound.
5:13 of 3rd period - Mark Stone wins face-off versus Matt Duchene in Canucks zone.
5:18 of 3rd period - Snap shot by Mark Stone.
5:18 of 3rd period - Stopped by Ukko-Pekka Luukkonen without a rebound.
5:19 of 3rd period - Matt Duchene wins face-off versus Nick Schmaltz in Canucks zone.
5:33 of 3rd period - Snap shot by Nick Schmaltz.
5:33 of 3rd period - Shot Blocked by Jonathan Huberdeau.
5:35 of 3rd period - Slapshot by Alex Vlasic.
5:35 of 3rd period - Stopped by Ukko-Pekka Luukkonen with a rebound.
6:20 of 3rd period - Minor Penalty to William Carrier for Roughing.
6:21 of 3rd period - Pierre-Luc Dubois wins face-off versus Matt Duchene in Canucks zone.
7:17 of 3rd period - Pierre-Luc Dubois is hit by Oliver Ekman-Larsson and loses puck.
8:20 of 3rd period - Penalty to William Carrier is over, William Carrier is back on ice.
8:38 of 3rd period - Lane Hutson is hit by Joel Farabee and loses puck.
8:55 of 3rd period - Off-side.
8:56 of 3rd period - Will Cuylle wins face-off versus Jonny Brodzinski in neutral zone.
9:26 of 3rd period - Slapshot by Morgan Rielly.
9:26 of 3rd period - Deflect By Nick Schmaltz.
9:26 of 3rd period - Stopped by Ukko-Pekka Luukkonen with a rebound.
10:34 of 3rd period - Slapshot by Nick Schmaltz.
10:34 of 3rd period - Stopped by Ukko-Pekka Luukkonen without a rebound.
10:35 of 3rd period - Nick Schmaltz wins face-off versus Casey Cizikas in Canucks zone.
10:48 of 3rd period - Snap shot by Patrick Kane.
10:48 of 3rd period - Stopped by Ukko-Pekka Luukkonen without a rebound.
10:49 of 3rd period - Matt Duchene wins face-off versus Nick Schmaltz in Canucks zone.
10:56 of 3rd period - Slapshot by Alex Vlasic.
10:56 of 3rd period - Stopped by Ukko-Pekka Luukkonen without a rebound.
10:57 of 3rd period - Matt Duchene wins face-off versus Nick Schmaltz in Canucks zone.
11:38 of 3rd period - Johnathan Kovacevic is hit by Nick Schmaltz and loses puck.
11:55 of 3rd period - Snap shot by Matt Duchene.
11:55 of 3rd period - Shot Hit the Post.
12:19 of 3rd period - Wrist shot by Patrick Kane.
12:19 of 3rd period - Shot Blocked by Johnathan Kovacevic.
12:34 of 3rd period - Off-side.
12:35 of 3rd period - Pierre-Luc Dubois wins face-off versus Casey Cizikas in neutral zone.
12:46 of 3rd period - Snap shot by Eeli Tolvanen.
12:46 of 3rd period - Stopped by Ukko-Pekka Luukkonen with a rebound.
13:27 of 3rd period - Drew O'Connor is hit by Lars Eller and loses puck.
13:47 of 3rd period - Off-side.
13:48 of 3rd period - Lars Eller wins face-off versus Kirby Dach in neutral zone.
13:59 of 3rd period - Wrist shot by Jakob Chychrun.
13:59 of 3rd period - Stopped by Filip Gustavsson without a rebound.
14:00 of 3rd period - Pierre-Luc Dubois wins face-off versus Casey Cizikas in Ducks zone.
15:09 of 3rd period - Minor Penalty to Oliver Ekman-Larsson for Roughing.
15:10 of 3rd period - Matt Duchene wins face-off versus Pierre-Luc Dubois in Canucks zone.
15:19 of 3rd period - Carson Soucy is hit by Fabian Zetterlund and loses puck.
16:21 of 3rd period - Icing by Darnell Nurse.
16:22 of 3rd period - Pierre-Luc Dubois wins face-off versus Stefan Noesen in Ducks zone.
16:27 of 3rd period - Wrist shot by Darnell Nurse.
16:27 of 3rd period - Shot Blocked by Jakob Chychrun.
16:29 of 3rd period - Slapshot by Darnell Nurse.
16:29 of 3rd period - Shot Blocked by Vincent Desharnais.
17:09 of 3rd period - Penalty to Oliver Ekman-Larsson is over, Oliver Ekman-Larsson is back on ice.
17:09 of 3rd period - Icing by Morgan Rielly.
17:10 of 3rd period - Pierre-Luc Dubois wins face-off versus Casey Cizikas in Ducks zone.
17:10 of 3rd period - Pierre-Luc Dubois is hit by Johnathan Kovacevic.
17:29 of 3rd period - Dmitry Orlov is hit by Jonathan Huberdeau and loses puck.
17:34 of 3rd period - Wrist shot by Joel Farabee.
17:34 of 3rd period - Shot Misses the Net.
18:00 of 3rd period - Pierre-Luc Dubois is hit by Drew O'Connor and loses puck.
18:45 of 3rd period - Mattias Samuelsson is hit by Jonny Brodzinski.
Goals for this period are 0 for Canucks vs 0 for Ducks.
Shots for this period are 2 for Canucks vs 11 for Ducks.
Overtime #1
0:01 of 1st overtime period - Jonny Brodzinski wins face-off versus Alexander Kerfoot in neutral zone.
1:49 of 1st overtime period - William Carrier is hit by Lars Eller.
3:07 of 1st overtime period - Kirby Dach is hit by Alexey Toropchenko and loses puck.
Goals for this period are 0 for Canucks vs 0 for Ducks.
Shots for this period are 0 for Canucks vs 0 for Ducks.
ShootOut
5:00 of 1st overtime period - Round #1.
5:00 of 1st overtime period - Canucks, Matt Duchene.
5:00 of 1st overtime period - Deke by Matt Duchene.
5:00 of 1st overtime period - Stopped by Filip Gustavsson.
5:00 of 1st overtime period - Ducks, Patrick Kane.
5:00 of 1st overtime period - Snap shot by Patrick Kane.
5:00 of 1st overtime period - Shot Misses the Net.
5:00 of 1st overtime period - Round #2.
5:00 of 1st overtime period - Canucks, Jonathan Huberdeau.
5:00 of 1st overtime period - Deke by Jonathan Huberdeau.
5:00 of 1st overtime period - Goal by Jonathan Huberdeau.
5:00 of 1st overtime period - Ducks, Mark Stone.
5:00 of 1st overtime period - Snap shot by Mark Stone.
5:00 of 1st overtime period - Stopped by Ukko-Pekka Luukkonen.
5:00 of 1st overtime period - Round #3.
5:00 of 1st overtime period - Canucks, Stefan Noesen.
5:00 of 1st overtime period - Wrist shot by Stefan Noesen.
5:00 of 1st overtime period - Stopped by Filip Gustavsson.
5:00 of 1st overtime period - Ducks, Pierre-Luc Dubois.
5:00 of 1st overtime period - Deke by Pierre-Luc Dubois.
5:00 of 1st overtime period - Goal by Pierre-Luc Dubois.
5:00 of 1st overtime period - Round #4.
5:00 of 1st overtime period - Canucks, Casey Cizikas.
5:00 of 1st overtime period - Snap shot by Casey Cizikas.
5:00 of 1st overtime period - Stopped by Filip Gustavsson.
5:00 of 1st overtime period - Ducks, Kaapo Kakko.
5:00 of 1st overtime period - Wrist shot by Kaapo Kakko.
5:00 of 1st overtime period - Stopped by Ukko-Pekka Luukkonen.
5:00 of 1st overtime period - Round #5.
5:00 of 1st overtime period - Canucks, Jonathan Drouin.
5:00 of 1st overtime period - Snap shot by Jonathan Drouin.
5:00 of 1st overtime period - Stopped by Filip Gustavsson.
5:00 of 1st overtime period - Ducks, Will Cuylle.
5:00 of 1st overtime period - Backhand shot by Will Cuylle.
5:00 of 1st overtime period - Goal by Will Cuylle.